Washington Capitals vs Tampa Bay Lightning
Created - Tuesday, December 12, 2023 at 07:26
Goals
|
| Washington Capitals |
3 |
1 |
1 |
5 |
| Tampa Bay Lightning |
2 |
0 |
1 |
3 |
|
Shots
|
| Washington Capitals |
10 |
10 |
13 |
33 |
| Tampa Bay Lightning |
12 |
13 |
11 |
36 |
|
1st period
1. Tampa Bay Lightning , Johnny Gaudreau 35 (Dylan Cozens 42) at 4:26 (PP)
2. Washington Capitals , Jason Robertson 24 (Jordan Kyrou 23, Nico Hischier 25) at 8:23
3. Washington Capitals , Alex Ovechkin 22 (Jason Robertson 46, Brayden Point 43) at 11:55
4. Tampa Bay Lightning , Darnell Nurse 7 (Tomas Hertl 29, Kirill Kaprizov 41) at 13:07
5. Washington Capitals , Alex Ovechkin 23 (Brayden Point 44) at 15:03 (PP)
Penalties :
Erik Cernak (WSH) for Hooking (Minor) at 0:11, Brad Marchand (WSH) for Tripping (Minor) at 4:19, Tyler Toffoli (TBL) for Slashing (Minor) at 15:02, Travis Konecny (TBL) for Holding (Minor) at 15:27
2nd period
6. Washington Capitals , Owen Tippett 13 (Drake Batherson 24, Nick Foligno 6) at 11:03
Penalties :
David Savard (WSH) for Hooking (Minor) at 16:28
3rd period
7. Washington Capitals , Jason Robertson 25 (Brayden Point 45, Alex Ovechkin 40) at 4:26
8. Tampa Bay Lightning , Johnny Gaudreau 36 (Tyler Toffoli 26, Anze Kopitar 41) at 19:09
Penalties :
Darnell Nurse (TBL) for Holding Stick (Minor) at 19:20
Goalie Stats
Jake Oettinger (WSH), 33 saves from 36 shots - (0.917), W, 28-28-7, 60:00 minutes
Filip Gustavsson (TBL), 28 saves from 33 shots - (0.848), L, 38-17-6, 60:00 minutes
Players Stats for Washington Capitals
Player Name G A P +/- PIM S H SB GA TA FO MP PP MP PK MP
------------------------------------------------------------------------------------
Alex Ovechkin 2 1 3 3 0 8 3 1 0 0 0/1 20:54 1:25 0:00
Brad Marchand 0 0 0 -2 2 0 1 0 0 2 1/3 15:55 0:00 2:16
Brayden Point 0 3 3 3 0 2 5 1 2 1 20/36 21:01 1:25 0:00
Cody Glass 0 0 0 0 0 3 1 0 0 0 0/3 8:03 0:00 0:00
David Savard 0 0 0 2 2 3 3 1 0 1 0/0 23:47 1:31 1:17
Dominik Kubalik 0 0 0 0 0 1 1 0 0 0 0/1 8:51 0:00 0:40
Drake Batherson 0 1 1 1 0 2 2 0 0 0 0/0 11:42 0:00 0:00
Erik Cernak 0 0 0 0 2 0 0 1 0 0 0/0 1:39 0:00 0:00
Erik Johnson 0 0 0 0 0 1 1 2 0 1 0/0 24:24 0:00 1:59
Ian Cole 0 0 0 0 0 1 4 1 0 1 0/0 24:02 1:08 2:27
Jason Robertson 2 1 3 3 0 7 1 0 1 0 0/1 20:54 1:25 0:00
Jason Zucker 0 0 0 0 0 0 1 0 0 1 0/0 8:00 0:00 0:00
John Carlson 0 0 0 1 0 0 1 1 0 2 0/0 26:08 1:31 0:49
Jordan Kyrou 0 1 1 -2 0 1 1 0 0 0 0/1 14:54 1:14 0:00
Nick Foligno 0 1 1 1 0 1 4 0 0 0 4/9 13:48 0:00 1:42
Nick Jensen 0 0 0 1 0 0 2 2 0 1 0/0 19:30 1:08 1:38
Nico Hischier 0 1 1 -2 0 1 0 0 0 2 12/21 18:01 1:14 2:23
Owen Tippett 1 0 1 1 0 2 3 2 0 1 0/0 14:19 1:14 1:09
Players Stats for Tampa Bay Lightning
Player Name G A P +/- PIM S H SB GA TA FO MP PP MP PK MP
------------------------------------------------------------------------------------
Alexander Kerfoot 0 0 0 -1 0 1 1 0 1 0 0/0 9:52 0:00 1:20
Anze Kopitar 0 1 1 -1 0 3 0 0 2 0 10/20 16:40 0:00 1:20
Darnell Nurse 1 0 1 1 2 3 0 0 0 0 0/0 23:01 1:46 1:07
Dylan Cozens 0 1 1 0 0 3 1 0 0 0 11/24 16:46 1:21 0:00
Gustav Nyquist 0 0 0 -1 0 1 0 0 1 0 0/0 9:48 0:00 1:19
Hampus Lindholm 0 0 0 1 0 1 0 2 0 0 0/0 21:55 1:46 0:00
Ivan Barbashev 0 0 0 0 0 4 0 0 1 0 0/1 14:12 0:00 0:00
Jason Dickinson 0 0 0 -1 0 0 1 1 0 0 4/5 8:19 0:00 0:00
Johnny Gaudreau 2 0 2 -1 0 4 1 0 2 0 0/0 17:12 1:21 0:00
Kirill Kaprizov 0 1 1 0 0 5 1 1 0 0 0/0 17:19 2:44 0:00
Michael Matheson 0 0 0 -1 0 0 1 0 1 1 0/0 17:10 2:19 0:00
Moritz Seider 0 0 0 -2 0 1 2 0 0 0 0/0 22:48 2:19 1:32
Roope Hintz 0 0 0 0 0 0 1 4 1 0 1/2 17:02 2:44 0:00
Ryan Graves 0 0 0 -1 0 1 2 1 0 1 0/0 15:52 0:00 1:32
Tomas Hertl 0 1 1 0 0 4 3 0 0 0 12/20 15:31 0:00 1:19
Travis Konecny 0 0 0 0 2 3 2 0 4 1 1/3 17:27 2:44 0:00
Tyler Toffoli 0 1 1 -1 2 2 4 0 0 0 0/1 17:11 1:21 0:00
Vladislav Gavrikov 0 0 0 -2 0 0 1 0 0 0 0/0 19:13 0:00 1:07
3 Stars
1 - Alex Ovechkin (WSH)
2 - Jason Robertson (WSH)
3 - Brayden Point (WSH)
Power Play
Washington Capitals - 1 on 3 Attempt(s) - 33.33%
Tampa Bay Lightning - 1 on 3 Attempt(s) - 33.33%
Penalty Kill
Washington Capitals - 2 on 3 Attempt(s) - 66.67%
- Score 0 goal in Penalty Kill
Tampa Bay Lightning - 2 on 3 Attempt(s) - 66.67%
- Score 0 goal in Penalty Kill
Team Stat
Washington Capitals - Hits : 34 - Faceoff Wins : 37 - Blocked Shots : 12 - Penalty Minutes : 6
Tampa Bay Lightning - Hits : 21 - Faceoff Wins : 39 - Blocked Shots : 9 - Penalty Minutes : 6
Official
Referees : Rob Martell and Graham Skiliter
Linesman : Steve Barton and Tim Nowak
Game Notes
Erik Cernak is injured at 5:04 of 1st period (Sprained Left Finger)
Finance
Level 1 -- Attendance: 6000 (100.00%) -- Ticket Income $570,000
Level 2 -- Attendance: 5000 (100.00%) -- Ticket Income $275,000
Level 3 -- Attendance: 2963 (98.77%) -- Ticket Income $94,816
Level 4 -- Attendance: 4860 (97.20%) -- Ticket Income $106,920
Luxury Box -- Attendance: 1000 (100.00%) -- Ticket Income $193,000
Game was played at the Tampa Bay Times Forum.
Total Attendance: 19823 (99.12%)
Total Ticket Income: $1,239,736
Other Income: $433,908
Total Income: $1,673,644
Washington Capitals
5 vs 5 Forward
Center Left Wing Right Wing Time % Phy DF OF
1 Brayden Point Alex Ovechkin Jason Robertson 40 1 0 4
2 Nico Hischier Brad Marchand Jordan Kyrou 30 1 0 4
3 Nick Foligno Owen Tippett Drake Batherson 20 1 1 3
4 Cody Glass Dominik Kubalik Jason Zucker 10 1 1 3
5 vs 5 Defense
Defense Defense Time % Phy DF OF
1 Erik Cernak David Savard 35 2 3 0
2 John Carlson Ian Cole 35 2 3 0
3 Nick Jensen Erik Johnson 30 2 3 0
4 Erik Cernak David Savard 0 2 3 0
PowerPlay Forward
Center Left Wing Right Wing Time % Phy DF OF
1 Brayden Point Alex Ovechkin Jason Robertson 60 1 2 2
2 Nico Hischier Owen Tippett Jordan Kyrou 40 1 2 2
PowerPlay Defense
Defense Defense Time % Phy DF OF
1 John Carlson David Savard 60 1 2 2
2 Nick Jensen Erik Cernak 40 1 2 2
Penalty Kill 4 Players Forward
Center Wing Time % Phy DF OF
1 Nico Hischier Brad Marchand 60 1 2 2
2 Nick Foligno Owen Tippett 40 1 2 2
Penalty Kill 4 Players Defense
Defense Defense Time % Phy DF OF
1 David Savard Ian Cole 60 1 2 2
2 Nick Jensen Erik Cernak 40 1 2 2
Penalty Kill - 3 Players Forward
Forward Time % Phy DF OF
1 Nico Hischier 60 1 2 2
2 Nick Foligno 40 1 2 2
Penalty Kill - 3 Players Defense
Defense Defense Time % Phy DF OF
1 David Savard Ian Cole 60 1 2 2
2 Nick Jensen Erik Cernak 40 1 2 2
4 vs 4 Forward
Center Wing Time % Phy DF OF
1 Brayden Point Jason Robertson 60 1 2 2
2 Nico Hischier Alex Ovechkin 40 1 2 2
4 vs 4 Defense
Defense Defense Time % Phy DF OF
1 John Carlson David Savard 60 1 2 2
2 Erik Cernak Nick Jensen 40 1 2 2
Last Minutes Offensive
Center Left Wing Right Wing Defense Defense
Brayden Point Alex Ovechkin Jason Robertson Nick Jensen John Carlson
Last Minutes Defensive
Center Left Wing Right Wing Defense Defense
Nico Hischier Brad Marchand Nick Foligno David Savard Ian Cole
Goaltenders
Starting : Jake Oettinger
Backup : Sergei Bobrovsky
Extra Forwards
Normal : Jordan Kyrou, Drake Batherson, Dominik Kubalik - PP : Owen Tippett, Brayden Point - PK : Dominik Kubalik
Extra Defensemen
Normal : Erik Johnson, John Carlson, Ian Cole - PP : David Savard - PK : Erik Cernak, David Savard
Penalty Shots
Jason Robertson, Drake Batherson, Brayden Point, Cody Glass, David Savard
Tampa Bay Lightning
5 vs 5 Forward
Center Left Wing Right Wing Time % Phy DF OF
1 Tomas Hertl Kirill Kaprizov Ivan Barbashev 30 1 2 2
2 Dylan Cozens Roope Hintz Travis Konecny 30 1 1 3
3 Anze Kopitar Johnny Gaudreau Tyler Toffoli 30 1 1 3
4 Jason Dickinson Alexander Kerfoot Gustav Nyquist 10 1 2 2
5 vs 5 Defense
Defense Defense Time % Phy DF OF
1 Darnell Nurse Hampus Lindholm 40 1 2 2
2 Moritz Seider Vladislav Gavrikov 35 1 2 2
3 Michael Matheson Ryan Graves 25 0 3 2
4 Darnell Nurse Moritz Seider 0 1 2 2
PowerPlay Forward
Center Left Wing Right Wing Time % Phy DF OF
1 Roope Hintz Kirill Kaprizov Travis Konecny 50 1 2 2
2 Dylan Cozens Johnny Gaudreau Tyler Toffoli 50 1 2 2
PowerPlay Defense
Defense Defense Time % Phy DF OF
1 Michael Matheson Moritz Seider 50 1 2 2
2 Hampus Lindholm Darnell Nurse 50 1 2 2
Penalty Kill 4 Players Forward
Center Wing Time % Phy DF OF
1 Anze Kopitar Alexander Kerfoot 50 1 2 2
2 Tomas Hertl Gustav Nyquist 50 1 2 2
Penalty Kill 4 Players Defense
Defense Defense Time % Phy DF OF
1 Darnell Nurse Vladislav Gavrikov 50 1 2 2
2 Moritz Seider Ryan Graves 50 1 2 2
Penalty Kill - 3 Players Forward
Forward Time % Phy DF OF
1 Anze Kopitar 50 1 2 2
2 Tomas Hertl 50 1 2 2
Penalty Kill - 3 Players Defense
Defense Defense Time % Phy DF OF
1 Darnell Nurse Vladislav Gavrikov 50 1 2 2
2 Moritz Seider Ryan Graves 50 1 2 2
4 vs 4 Forward
Center Wing Time % Phy DF OF
1 Tomas Hertl Kirill Kaprizov 50 1 2 2
2 Anze Kopitar Travis Konecny 50 1 2 2
4 vs 4 Defense
Defense Defense Time % Phy DF OF
1 Michael Matheson Vladislav Gavrikov 50 1 2 2
2 Hampus Lindholm Ryan Graves 50 1 2 2
Last Minutes Offensive
Center Left Wing Right Wing Defense Defense
Anze Kopitar Kirill Kaprizov Travis Konecny Darnell Nurse Moritz Seider
Last Minutes Defensive
Center Left Wing Right Wing Defense Defense
Anze Kopitar Alexander Kerfoot Ivan Barbashev Darnell Nurse Moritz Seider
Goaltenders
Starting : Filip Gustavsson
Backup : Darcy Kuemper
Extra Forwards
Normal : Tomas Hertl, Anze Kopitar, Dylan Cozens - PP : Tomas Hertl, Anze Kopitar - PK : Travis Konecny
Extra Defensemen
Normal : Vladislav Gavrikov, Ryan Graves, Hampus Lindholm - PP : Vladislav Gavrikov - PK : Ryan Graves, Hampus Lindholm
Penalty Shots
Gustav Nyquist, Kirill Kaprizov, Alexander Kerfoot, Anze Kopitar, Roope Hintz
% Time on Ice - Washington Capitals
Lines # - Real PCT - Wanted PCT - Time Play
Normal Forward
1 - 37% - 40% - 19:29
2 - 26% - 30% - 14:05
3 - 22% - 20% - 11:42
4 - 15% - 10% - 8:00
Normal Defense
1 - 40% - 35% - 21:10
2 - 31% - 35% - 16:22
3 - 28% - 30% - 14:46
4 - 2% - 0% - 0:58
PP Forward
1 - 53% - 60% - 1:25
2 - 47% - 40% - 1:14
PP Defense
1 - 57% - 60% - 1:31
2 - 43% - 40% - 1:08
PK Forward
1 - 72% - 60% - 2:56
2 - 28% - 40% - 1:09
PK Defense
1 - 56% - 60% - 2:17
2 - 44% - 40% - 1:48
PK3 Forward
1 - 0% - 60%
2 - 0% - 40%
PK3 Defense
1 - 0% - 60%
2 - 0% - 40%
44 Forward
1 - 0% - 60%
2 - 0% - 40%
44 Defense
1 - 0% - 60%
2 - 0% - 40%
Last Minute Offensive - 0:00
Last Minute Defensive - 0:00
Total
Forward - 60:00
Defense - 60:00
|
% Time on Ice - Tampa Bay Lightning
Lines # - Real PCT - Wanted PCT - Time Play
Normal Forward
1 - 28% - 30% - 14:48
2 - 28% - 30% - 14:53
3 - 29% - 30% - 15:16
4 - 16% - 10% - 8:19
Normal Defense
1 - 39% - 40% - 20:36
2 - 35% - 35% - 18:30
3 - 27% - 25% - 14:10
4 - 0% - 0% - 0:00
PP Forward
1 - 67% - 50% - 2:44
2 - 33% - 50% - 1:21
PP Defense
1 - 57% - 50% - 2:19
2 - 43% - 50% - 1:46
PK Forward
1 - 50% - 50% - 1:20
2 - 50% - 50% - 1:19
PK Defense
1 - 42% - 50% - 1:07
2 - 58% - 50% - 1:32
PK3 Forward
1 - 0% - 50%
2 - 0% - 50%
PK3 Defense
1 - 0% - 50%
2 - 0% - 50%
44 Forward
1 - 0% - 50%
2 - 0% - 50%
44 Defense
1 - 0% - 50%
2 - 0% - 50%
Last Minute Offensive - 0:00
Last Minute Defensive - 0:00
Total
Forward - 60:00
Defense - 60:00
|
Play-by-Play
1st period
0:01 of 1st period - Tomas Hertl wins face-off versus Brayden Point in neutral zone.
0:06 of 1st period - Wrist shot by Tomas Hertl.
0:06 of 1st period - Shot Misses the Net.
0:11 of 1st period - Minor Penalty to Erik Cernak for Hooking.
0:12 of 1st period - Nico Hischier wins face-off versus Travis Konecny in Washington Capitals zone.
1:31 of 1st period - Wrist shot by Kirill Kaprizov.
1:31 of 1st period - Stopped by Jake Oettinger with a rebound.
2:11 of 1st period - Penalty to Erik Cernak is over, Erik Cernak is back on ice.
2:15 of 1st period - Wrist shot by Tyler Toffoli.
2:15 of 1st period - Shot Misses the Net.
2:24 of 1st period - Icing by David Savard.
2:25 of 1st period - Nick Foligno wins face-off versus Tyler Toffoli in Washington Capitals zone.
2:35 of 1st period - Off-side.
2:36 of 1st period - Anze Kopitar wins face-off versus Brayden Point in neutral zone.
2:45 of 1st period - Snap shot by Anze Kopitar.
2:45 of 1st period - Shot Blocked by Nick Jensen.
2:47 of 1st period - Slapshot by Darnell Nurse.
2:47 of 1st period - Stopped by Jake Oettinger without a rebound.
2:48 of 1st period - Brayden Point wins face-off versus Anze Kopitar in Washington Capitals zone.
2:59 of 1st period - Snap shot by Jason Robertson.
2:59 of 1st period - Shot Misses the Net.
3:25 of 1st period - Off-side.
3:26 of 1st period - Anze Kopitar wins face-off versus Nick Foligno in neutral zone.
3:33 of 1st period - Slapshot by Anze Kopitar.
3:33 of 1st period - Stopped by Jake Oettinger with a rebound.
3:58 of 1st period - Wrist shot by Jason Robertson.
3:58 of 1st period - Stopped by Filip Gustavsson without a rebound.
3:59 of 1st period - Tomas Hertl wins face-off versus Nico Hischier in Tampa Bay Lightning zone.
4:12 of 1st period - Snap shot by Tomas Hertl.
4:12 of 1st period - Shot Misses the Net.
4:14 of 1st period - Snap shot by Ivan Barbashev.
4:14 of 1st period - Stopped by Jake Oettinger with a rebound.
4:19 of 1st period - Minor Penalty to Brad Marchand for Tripping.
4:20 of 1st period - Dylan Cozens wins face-off versus Nico Hischier in Washington Capitals zone.
4:22 of 1st period - Snap shot by Tyler Toffoli.
4:22 of 1st period - Shot Misses the Net.
4:24 of 1st period - Slapshot by Dylan Cozens.
4:24 of 1st period - Stopped by Jake Oettinger without a rebound.
4:25 of 1st period - Dylan Cozens wins face-off versus Nico Hischier in Washington Capitals zone.
4:26 of 1st period - Snap shot by Johnny Gaudreau.
4:26 of 1st period - Goal by Johnny Gaudreau - Washington Capitals : 0 - Tampa Bay Lightning : 1.
4:27 of 1st period - Travis Konecny wins face-off versus Brayden Point in neutral zone.
4:27 of 1st period - Dylan Cozens is hit by David Savard.
5:04 of 1st period - Snap shot by Dylan Cozens.
5:04 of 1st period - Shot Blocked by Erik Cernak.
5:04 of 1st period - Erik Cernak from Washington Capitals is injured at 5:04 of 1st period (Sprained Left Finger).
5:05 of 1st period - Brayden Point wins face-off versus Tomas Hertl in Washington Capitals zone.
5:10 of 1st period - Wrist shot by Alex Ovechkin.
5:10 of 1st period - Stopped by Filip Gustavsson without a rebound.
5:11 of 1st period - Brayden Point wins face-off versus Tomas Hertl in Tampa Bay Lightning zone.
5:14 of 1st period - Wrist shot by Jason Robertson.
5:14 of 1st period - Deflect By Alex Ovechkin.
5:14 of 1st period - Stopped by Filip Gustavsson without a rebound.
5:15 of 1st period - Tomas Hertl wins face-off versus Jason Robertson in Tampa Bay Lightning zone.
5:40 of 1st period - Michael Matheson is hit by Alex Ovechkin and loses puck.
5:45 of 1st period - Snap shot by Brayden Point.
5:45 of 1st period - Shot Misses the Net.
5:47 of 1st period - Slapshot by Ian Cole.
5:47 of 1st period - Deflect By Alex Ovechkin.
5:47 of 1st period - Stopped by Filip Gustavsson with a rebound.
5:51 of 1st period - Snap shot by Jason Robertson.
5:51 of 1st period - Stopped by Filip Gustavsson without a rebound.
5:52 of 1st period - Nick Foligno wins face-off versus Dylan Cozens in Tampa Bay Lightning zone.
6:08 of 1st period - Snap shot by Travis Konecny.
6:08 of 1st period - Stopped by Jake Oettinger without a rebound.
6:09 of 1st period - Anze Kopitar wins face-off versus Nico Hischier in Washington Capitals zone.
6:16 of 1st period - Slapshot by Johnny Gaudreau.
6:16 of 1st period - Shot Misses the Net.
6:36 of 1st period - Moritz Seider is hit by Owen Tippett and loses puck.
7:27 of 1st period - Slapshot by Gustav Nyquist.
7:27 of 1st period - Shot Misses the Net.
7:41 of 1st period - Backhand shot by Gustav Nyquist.
7:41 of 1st period - Stopped by Jake Oettinger with a rebound.
7:43 of 1st period - Wrist shot by Anze Kopitar.
7:43 of 1st period - Stopped by Jake Oettinger without a rebound.
7:44 of 1st period - Nico Hischier wins face-off versus Anze Kopitar in Washington Capitals zone.
7:50 of 1st period - Off-side.
7:51 of 1st period - Nico Hischier wins face-off versus Dylan Cozens in neutral zone.
8:15 of 1st period - Icing by Brad Marchand.
8:16 of 1st period - Nico Hischier wins face-off versus Anze Kopitar in Washington Capitals zone.
8:23 of 1st period - Snap shot by Jason Robertson.
8:23 of 1st period - Goal by Jason Robertson - Washington Capitals : 1 - Tampa Bay Lightning : 1.
8:24 of 1st period - Brayden Point wins face-off versus Tomas Hertl in neutral zone.
8:51 of 1st period - Drake Batherson is hit by Ryan Graves and loses puck.
9:37 of 1st period - Ryan Graves is hit by David Savard and loses puck.
10:00 of 1st period - Snap shot by Alex Ovechkin.
10:00 of 1st period - Shot Misses the Net.
10:02 of 1st period - Wrist shot by Alex Ovechkin.
10:02 of 1st period - Stopped by Filip Gustavsson with a rebound.
10:12 of 1st period - Slapshot by Kirill Kaprizov.
10:12 of 1st period - Shot Misses the Net.
11:25 of 1st period - Icing by Travis Konecny.
11:26 of 1st period - Dylan Cozens wins face-off versus Cody Glass in Tampa Bay Lightning zone.
11:55 of 1st period - Wrist shot by Jason Robertson.
11:55 of 1st period - Deflect By Alex Ovechkin.
11:55 of 1st period - Goal by Alex Ovechkin - Washington Capitals : 2 - Tampa Bay Lightning : 1.
11:56 of 1st period - Tomas Hertl wins face-off versus Brayden Point in neutral zone.
12:05 of 1st period - Slapshot by Tomas Hertl.
12:05 of 1st period - Stopped by Jake Oettinger without a rebound.
12:06 of 1st period - Tomas Hertl wins face-off versus Brayden Point in Washington Capitals zone.
12:13 of 1st period - Slapshot by Kirill Kaprizov.
12:13 of 1st period - Deflect By Tomas Hertl.
12:13 of 1st period - Stopped by Jake Oettinger without a rebound.
12:14 of 1st period - Anze Kopitar wins face-off versus Jordan Kyrou in Washington Capitals zone.
12:23 of 1st period - Wrist shot by Jordan Kyrou.
12:23 of 1st period - Shot Misses the Net.
12:30 of 1st period - Off-side.
12:31 of 1st period - Dylan Cozens wins face-off versus Brayden Point in neutral zone.
13:05 of 1st period - Snap shot by Tomas Hertl.
13:05 of 1st period - Shot Misses the Net.
13:07 of 1st period - Slapshot by Darnell Nurse.
13:07 of 1st period - Goal by Darnell Nurse - Washington Capitals : 2 - Tampa Bay Lightning : 2.
13:08 of 1st period - Brayden Point wins face-off versus Anze Kopitar in neutral zone.
13:11 of 1st period - Moritz Seider is hit by Jason Robertson and loses puck.
13:57 of 1st period - Vladislav Gavrikov is hit by Nick Foligno and loses puck.
14:06 of 1st period - Nick Foligno is hit by Moritz Seider and loses puck.
14:23 of 1st period - Tyler Toffoli is hit by David Savard.
14:29 of 1st period - Snap shot by Drake Batherson.
14:29 of 1st period - Stopped by Filip Gustavsson with a rebound.
14:31 of 1st period - Wrist shot by Drake Batherson.
14:31 of 1st period - Shot Blocked by Hampus Lindholm.
14:33 of 1st period - Slapshot by John Carlson.
14:33 of 1st period - Shot Misses the Net.
15:02 of 1st period - Minor Penalty to Tyler Toffoli for Slashing.
15:03 of 1st period - Brayden Point wins face-off versus Tomas Hertl in Tampa Bay Lightning zone.
15:03 of 1st period - Snap shot by Alex Ovechkin.
15:03 of 1st period - Goal by Alex Ovechkin - Washington Capitals : 3 - Tampa Bay Lightning : 2.
15:04 of 1st period - Dylan Cozens wins face-off versus Brayden Point in neutral zone.
15:27 of 1st period - Minor Penalty to Travis Konecny for Holding.
15:28 of 1st period - Anze Kopitar wins face-off versus Brayden Point in Tampa Bay Lightning zone.
15:55 of 1st period - Nico Hischier is hit by Alexander Kerfoot and loses puck.
16:36 of 1st period - Tomas Hertl is hit by Brayden Point and loses puck.
17:27 of 1st period - Penalty to Travis Konecny is over, Travis Konecny is back on ice.
18:22 of 1st period - Jason Zucker is hit by Travis Konecny and loses puck.
18:43 of 1st period - Dylan Cozens is hit by Drake Batherson and loses puck.
19:45 of 1st period - Icing by Vladislav Gavrikov.
19:46 of 1st period - Jason Dickinson wins face-off versus Cody Glass in Tampa Bay Lightning zone.
Goals for this period are 3 for Washington Capitals vs 2 for Tampa Bay Lightning.
Shots for this period are 10 for Washington Capitals vs 12 for Tampa Bay Lightning.
2nd period
0:01 of 2nd period - Dylan Cozens wins face-off versus Brayden Point in neutral zone.
0:28 of 2nd period - Wrist shot by Anze Kopitar.
0:28 of 2nd period - Stopped by Jake Oettinger with a rebound.
0:40 of 2nd period - Johnny Gaudreau is hit by Ian Cole and loses puck.
0:50 of 2nd period - Off-side.
0:51 of 2nd period - Dylan Cozens wins face-off versus Dominik Kubalik in neutral zone.
1:02 of 2nd period - Wrist shot by Travis Konecny.
1:02 of 2nd period - Stopped by Jake Oettinger without a rebound.
1:03 of 2nd period - Tomas Hertl wins face-off versus Brayden Point in Washington Capitals zone.
1:08 of 2nd period - Wrist shot by Ivan Barbashev.
1:08 of 2nd period - Stopped by Jake Oettinger with a rebound.
1:10 of 2nd period - Wrist shot by Kirill Kaprizov.
1:10 of 2nd period - Shot Misses the Net.
1:12 of 2nd period - Snap shot by Ryan Graves.
1:12 of 2nd period - Stopped by Jake Oettinger with a rebound.
1:14 of 2nd period - Snap shot by Ryan Graves.
1:14 of 2nd period - Deflect By Ivan Barbashev.
1:14 of 2nd period - Shot Blocked by Erik Johnson.
1:14 of 2nd period - Puck is out of play.
1:15 of 2nd period - Brayden Point wins face-off versus Dylan Cozens in Washington Capitals zone.
1:30 of 2nd period - Wrist shot by Travis Konecny.
1:30 of 2nd period - Shot Blocked by Alex Ovechkin.
1:44 of 2nd period - Icing by Tomas Hertl.
1:45 of 2nd period - Tomas Hertl wins face-off versus Brad Marchand in Tampa Bay Lightning zone.
1:45 of 2nd period - Tomas Hertl is hit by John Carlson.
2:25 of 2nd period - Snap shot by Jordan Kyrou.
2:25 of 2nd period - Deflect By Brad Marchand.
2:25 of 2nd period - Shot Misses the Net.
2:25 of 2nd period - Puck is out of play.
2:26 of 2nd period - Anze Kopitar wins face-off versus Brayden Point in Tampa Bay Lightning zone.
3:02 of 2nd period - Snap shot by Travis Konecny.
3:02 of 2nd period - Shot Misses the Net.
3:38 of 2nd period - Wrist shot by John Carlson.
3:38 of 2nd period - Deflect By Brad Marchand.
3:38 of 2nd period - Shot Misses the Net.
3:38 of 2nd period - Puck is out of play.
3:39 of 2nd period - Tomas Hertl wins face-off versus Nico Hischier in Tampa Bay Lightning zone.
3:48 of 2nd period - Snap shot by Kirill Kaprizov.
3:48 of 2nd period - Shot Misses the Net.
3:50 of 2nd period - Slapshot by Kirill Kaprizov.
3:50 of 2nd period - Deflect By Nico Hischier.
3:50 of 2nd period - Shot Misses the Net.
3:50 of 2nd period - Puck is out of play.
3:51 of 2nd period - Anze Kopitar wins face-off versus Brayden Point in Washington Capitals zone.
4:25 of 2nd period - Wrist shot by Nico Hischier.
4:25 of 2nd period - Shot Misses the Net.
4:27 of 2nd period - Snap shot by David Savard.
4:27 of 2nd period - Stopped by Filip Gustavsson without a rebound.
4:28 of 2nd period - Brayden Point wins face-off versus Dylan Cozens in Tampa Bay Lightning zone.
4:31 of 2nd period - Snap shot by Jason Robertson.
4:31 of 2nd period - Stopped by Filip Gustavsson without a rebound.
4:32 of 2nd period - Brayden Point wins face-off versus Dylan Cozens in Tampa Bay Lightning zone.
4:43 of 2nd period - Wrist shot by Brayden Point.
4:43 of 2nd period - Shot Blocked by Roope Hintz.
4:45 of 2nd period - Slapshot by David Savard.
4:45 of 2nd period - Stopped by Filip Gustavsson without a rebound.
4:46 of 2nd period - Brayden Point wins face-off versus Anze Kopitar in Tampa Bay Lightning zone.
4:49 of 2nd period - Wrist shot by Jason Robertson.
4:49 of 2nd period - Deflect By Brayden Point.
4:49 of 2nd period - Shot Blocked by Ryan Graves.
4:49 of 2nd period - Puck is out of play.
4:50 of 2nd period - Brayden Point wins face-off versus Anze Kopitar in Tampa Bay Lightning zone.
5:11 of 2nd period - Ryan Graves is hit by Brayden Point.
5:17 of 2nd period - Jason Robertson is hit by Tyler Toffoli and loses puck.
5:47 of 2nd period - Off-side.
5:48 of 2nd period - Dylan Cozens wins face-off versus Nico Hischier in neutral zone.
5:51 of 2nd period - Backhand shot by Hampus Lindholm.
5:51 of 2nd period - Shot Blocked by John Carlson.
6:24 of 2nd period - Wrist shot by Kirill Kaprizov.
6:24 of 2nd period - Stopped by Jake Oettinger without a rebound.
6:25 of 2nd period - Jason Dickinson wins face-off versus Nick Foligno in Washington Capitals zone.
6:32 of 2nd period - Wrist shot by Gustav Nyquist.
6:32 of 2nd period - Shot Blocked by Owen Tippett.
6:54 of 2nd period - Slapshot by Kirill Kaprizov.
6:54 of 2nd period - Stopped by Jake Oettinger with a rebound.
6:56 of 2nd period - Slapshot by Hampus Lindholm.
6:56 of 2nd period - Deflect By Tomas Hertl.
6:56 of 2nd period - Stopped by Jake Oettinger without a rebound.
6:57 of 2nd period - Brayden Point wins face-off versus Tomas Hertl in Washington Capitals zone.
7:28 of 2nd period - Ivan Barbashev is hit by Brayden Point and loses puck.
7:45 of 2nd period - Wrist shot by Kirill Kaprizov.
7:45 of 2nd period - Stopped by Jake Oettinger without a rebound.
7:46 of 2nd period - Nico Hischier wins face-off versus Dylan Cozens in Washington Capitals zone.
7:46 of 2nd period - Nico Hischier is hit by Moritz Seider.
7:56 of 2nd period - Snap shot by Jordan Kyrou.
7:56 of 2nd period - Shot Blocked by Roope Hintz.
8:16 of 2nd period - Moritz Seider is hit by Drake Batherson and loses puck.
8:42 of 2nd period - Hampus Lindholm is hit by Jason Zucker and loses puck.
8:55 of 2nd period - Wrist shot by Alex Ovechkin.
8:55 of 2nd period - Stopped by Filip Gustavsson without a rebound.
8:56 of 2nd period - Brayden Point wins face-off versus Travis Konecny in Tampa Bay Lightning zone.
9:05 of 2nd period - Wrist shot by Jason Robertson.
9:05 of 2nd period - Stopped by Filip Gustavsson with a rebound.
9:21 of 2nd period - Erik Johnson is hit by Johnny Gaudreau.
9:46 of 2nd period - Tyler Toffoli is hit by Ian Cole and loses puck.
10:11 of 2nd period - Snap shot by Cody Glass.
10:11 of 2nd period - Stopped by Filip Gustavsson with a rebound.
10:13 of 2nd period - Slapshot by David Savard.
10:13 of 2nd period - Stopped by Filip Gustavsson without a rebound.
10:14 of 2nd period - Dylan Cozens wins face-off versus Brayden Point in Tampa Bay Lightning zone.
10:34 of 2nd period - Travis Konecny is hit by Brayden Point and loses puck.
10:57 of 2nd period - Wrist shot by Brad Marchand.
10:57 of 2nd period - Shot Blocked by Kirill Kaprizov.
10:59 of 2nd period - Slapshot by Nico Hischier.
10:59 of 2nd period - Deflect By Brad Marchand.
10:59 of 2nd period - Shot Misses the Net.
10:59 of 2nd period - Puck is out of play.
11:00 of 2nd period - Nick Foligno wins face-off versus Jason Dickinson in Tampa Bay Lightning zone.
11:03 of 2nd period - Wrist shot by Owen Tippett.
11:03 of 2nd period - Goal by Owen Tippett - Washington Capitals : 4 - Tampa Bay Lightning : 2.
11:04 of 2nd period - Brayden Point wins face-off versus Tomas Hertl in neutral zone.
11:06 of 2nd period - Off-side.
11:07 of 2nd period - Brayden Point wins face-off versus Tomas Hertl in neutral zone.
12:06 of 2nd period - Wrist shot by Cody Glass.
12:06 of 2nd period - Stopped by Filip Gustavsson with a rebound.
13:01 of 2nd period - Off-side.
13:02 of 2nd period - Nico Hischier wins face-off versus Dylan Cozens in neutral zone.
13:56 of 2nd period - Snap shot by Drake Batherson.
13:56 of 2nd period - Shot Misses the Net.
13:58 of 2nd period - Snap shot by Nick Foligno.
13:58 of 2nd period - Stopped by Filip Gustavsson without a rebound.
13:59 of 2nd period - Dylan Cozens wins face-off versus Nico Hischier in Tampa Bay Lightning zone.
14:26 of 2nd period - Brayden Point is hit by Tomas Hertl and loses puck.
14:35 of 2nd period - Darnell Nurse is hit by Nick Jensen and loses puck.
14:42 of 2nd period - Erik Johnson is hit by Ryan Graves and loses puck.
14:55 of 2nd period - Anze Kopitar is hit by Nick Foligno and loses puck.
15:20 of 2nd period - Michael Matheson is hit by Dominik Kubalik and loses puck.
15:37 of 2nd period - Michael Matheson is hit by Jordan Kyrou and loses puck.
15:42 of 2nd period - Snap shot by Nico Hischier.
15:42 of 2nd period - Shot Blocked by Jason Dickinson.
15:50 of 2nd period - Alex Ovechkin is hit by Jason Dickinson and loses puck.
15:57 of 2nd period - Snap shot by Gustav Nyquist.
15:57 of 2nd period - Shot Blocked by Brayden Point.
15:59 of 2nd period - Snap shot by Jason Dickinson.
15:59 of 2nd period - Shot Misses the Net.
16:09 of 2nd period - Snap shot by Alexander Kerfoot.
16:09 of 2nd period - Stopped by Jake Oettinger without a rebound.
16:10 of 2nd period - Dylan Cozens wins face-off versus Nick Foligno in Washington Capitals zone.
16:28 of 2nd period - Minor Penalty to David Savard for Hooking.
16:29 of 2nd period - Nico Hischier wins face-off versus Dylan Cozens in Washington Capitals zone.
16:59 of 2nd period - Slapshot by Darnell Nurse.
16:59 of 2nd period - Deflect By Brad Marchand.
16:59 of 2nd period - Stopped by Jake Oettinger with a rebound.
17:01 of 2nd period - Wrist shot by Roope Hintz.
17:01 of 2nd period - Deflect By Travis Konecny.
17:01 of 2nd period - Shot Blocked by Erik Johnson.
17:01 of 2nd period - Puck is out of play.
17:02 of 2nd period - Brad Marchand wins face-off versus Roope Hintz in Washington Capitals zone.
17:29 of 2nd period - Slapshot by Tyler Toffoli.
17:29 of 2nd period - Stopped by Jake Oettinger with a rebound.
18:23 of 2nd period - John Carlson is hit by Dylan Cozens and loses puck.
18:28 of 2nd period - Penalty to David Savard is over, David Savard is back on ice.
19:14 of 2nd period - Nico Hischier is hit by Kirill Kaprizov and loses puck.
19:23 of 2nd period - Slapshot by Kirill Kaprizov.
19:23 of 2nd period - Deflect By Ivan Barbashev.
19:23 of 2nd period - Stopped by Jake Oettinger with a rebound.
19:25 of 2nd period - Slapshot by Hampus Lindholm.
19:25 of 2nd period - Stopped by Jake Oettinger without a rebound.
19:26 of 2nd period - Jason Dickinson wins face-off versus Brayden Point in Washington Capitals zone.
19:56 of 2nd period - Ivan Barbashev is hit by Nick Foligno and loses puck.
Goals for this period are 1 for Washington Capitals vs 0 for Tampa Bay Lightning.
Shots for this period are 10 for Washington Capitals vs 13 for Tampa Bay Lightning.
3rd period
0:01 of 3rd period - Brayden Point wins face-off versus Anze Kopitar in neutral zone.
0:30 of 3rd period - Slapshot by Ivan Barbashev.
0:30 of 3rd period - Shot Misses the Net.
0:38 of 3rd period - Wrist shot by Kirill Kaprizov.
0:38 of 3rd period - Shot Blocked by Nick Jensen.
0:40 of 3rd period - Backhand shot by Ivan Barbashev.
0:40 of 3rd period - Stopped by Jake Oettinger without a rebound.
0:41 of 3rd period - Anze Kopitar wins face-off versus Nico Hischier in Washington Capitals zone.
1:08 of 3rd period - Drake Batherson is hit by Vladislav Gavrikov and loses puck.
1:29 of 3rd period - Hampus Lindholm is hit by Cody Glass and loses puck.
1:56 of 3rd period - Snap shot by Johnny Gaudreau.
1:56 of 3rd period - Stopped by Jake Oettinger without a rebound.
1:57 of 3rd period - Brayden Point wins face-off versus Anze Kopitar in Washington Capitals zone.
2:15 of 3rd period - Wrist shot by Brayden Point.
2:15 of 3rd period - Shot Misses the Net.
2:17 of 3rd period - Wrist shot by Ian Cole.
2:17 of 3rd period - Shot Misses the Net.
2:19 of 3rd period - Snap shot by Jason Robertson.
2:19 of 3rd period - Shot Misses the Net.
2:38 of 3rd period - Wrist shot by Anze Kopitar.
2:38 of 3rd period - Shot Misses the Net.
3:10 of 3rd period - Johnny Gaudreau is hit by Alex Ovechkin and loses puck.
3:19 of 3rd period - Alex Ovechkin is hit by Tyler Toffoli and loses puck.
3:32 of 3rd period - Snap shot by Alex Ovechkin.
3:32 of 3rd period - Shot Misses the Net.
3:34 of 3rd period - Slapshot by Erik Johnson.
3:34 of 3rd period - Stopped by Filip Gustavsson with a rebound.
3:36 of 3rd period - Slapshot by Alex Ovechkin.
3:36 of 3rd period - Shot Misses the Net.
4:26 of 3rd period - Backhand shot by Jason Robertson.
4:26 of 3rd period - Goal by Jason Robertson - Washington Capitals : 5 - Tampa Bay Lightning : 2.
4:27 of 3rd period - Nico Hischier wins face-off versus Dylan Cozens in neutral zone.
4:32 of 3rd period - Snap shot by Brad Marchand.
4:32 of 3rd period - Shot Hit the Post.
4:59 of 3rd period - David Savard is hit by Tomas Hertl and loses puck.
5:06 of 3rd period - Wrist shot by Tomas Hertl.
5:06 of 3rd period - Shot Misses the Net.
5:08 of 3rd period - Snap shot by Vladislav Gavrikov.
5:08 of 3rd period - Shot Blocked by Ian Cole.
5:18 of 3rd period - Alexander Kerfoot is hit by Ian Cole and loses puck.
5:44 of 3rd period - Erik Johnson is hit by Travis Konecny.
5:54 of 3rd period - Michael Matheson is hit by Erik Johnson.
6:13 of 3rd period - Jordan Kyrou is hit by Michael Matheson and loses puck.
7:47 of 3rd period - Icing by Darnell Nurse.
7:48 of 3rd period - Nico Hischier wins face-off versus Dylan Cozens in Tampa Bay Lightning zone.
8:20 of 3rd period - Ivan Barbashev is hit by Nick Foligno and loses puck.
9:22 of 3rd period - Gustav Nyquist is hit by Owen Tippett and loses puck.
9:38 of 3rd period - Michael Matheson is hit by Owen Tippett and loses puck.
10:01 of 3rd period - Wrist shot by Nick Foligno.
10:01 of 3rd period - Shot Misses the Net.
10:03 of 3rd period - Wrist shot by Drake Batherson.
10:03 of 3rd period - Shot Misses the Net.
10:17 of 3rd period - Snap shot by Owen Tippett.
10:17 of 3rd period - Stopped by Filip Gustavsson without a rebound.
10:18 of 3rd period - Brayden Point wins face-off versus Dylan Cozens in Tampa Bay Lightning zone.
11:06 of 3rd period - Slapshot by Brayden Point.
11:06 of 3rd period - Stopped by Filip Gustavsson with a rebound.
11:08 of 3rd period - Snap shot by Brayden Point.
11:08 of 3rd period - Stopped by Filip Gustavsson with a rebound.
11:10 of 3rd period - Wrist shot by Jason Robertson.
11:10 of 3rd period - Shot Misses the Net.
11:17 of 3rd period - Off-side.
11:18 of 3rd period - Nico Hischier wins face-off versus Ivan Barbashev in neutral zone.
12:04 of 3rd period - Michael Matheson is hit by Ian Cole and loses puck.
13:05 of 3rd period - Nick Jensen is hit by Tyler Toffoli and loses puck.
13:24 of 3rd period - Wrist shot by Tyler Toffoli.
13:24 of 3rd period - Shot Blocked by David Savard.
13:26 of 3rd period - Snap shot by Gustav Nyquist.
13:26 of 3rd period - Shot Blocked by Owen Tippett.
13:28 of 3rd period - Slapshot by Moritz Seider.
13:28 of 3rd period - Stopped by Jake Oettinger without a rebound.
13:29 of 3rd period - Jason Dickinson wins face-off versus Nico Hischier in Washington Capitals zone.
13:58 of 3rd period - Slapshot by Dylan Cozens.
13:58 of 3rd period - Stopped by Jake Oettinger without a rebound.
13:59 of 3rd period - Brayden Point wins face-off versus Dylan Cozens in Washington Capitals zone.
13:59 of 3rd period - Brayden Point is hit by Roope Hintz.
14:05 of 3rd period - Dylan Cozens is hit by Alex Ovechkin and loses puck.
14:26 of 3rd period - Snap shot by Dominik Kubalik.
14:26 of 3rd period - Stopped by Filip Gustavsson with a rebound.
14:28 of 3rd period - Slapshot by Cody Glass.
14:28 of 3rd period - Stopped by Filip Gustavsson without a rebound.
14:29 of 3rd period - Tomas Hertl wins face-off versus Cody Glass in Tampa Bay Lightning zone.
15:10 of 3rd period - Off-side.
15:11 of 3rd period - Nico Hischier wins face-off versus Tomas Hertl in neutral zone.
15:38 of 3rd period - Wrist shot by Dylan Cozens.
15:38 of 3rd period - Stopped by Jake Oettinger with a rebound.
15:40 of 3rd period - Snap shot by Travis Konecny.
15:40 of 3rd period - Stopped by Jake Oettinger without a rebound.
15:41 of 3rd period - Brayden Point wins face-off versus Dylan Cozens in Washington Capitals zone.
15:46 of 3rd period - Slapshot by Jason Robertson.
15:46 of 3rd period - Stopped by Filip Gustavsson without a rebound.
15:47 of 3rd period - Tomas Hertl wins face-off versus Brad Marchand in Tampa Bay Lightning zone.
15:52 of 3rd period - Ian Cole is hit by Tomas Hertl and loses puck.
16:13 of 3rd period - Wrist shot by Jason Robertson.
16:13 of 3rd period - Shot Misses the Net.
16:15 of 3rd period - Slapshot by Alex Ovechkin.
16:15 of 3rd period - Shot Misses the Net.
16:17 of 3rd period - Wrist shot by Alex Ovechkin.
16:17 of 3rd period - Stopped by Filip Gustavsson with a rebound.
16:19 of 3rd period - Wrist shot by Alex Ovechkin.
16:19 of 3rd period - Shot Misses the Net.
16:21 of 3rd period - Snap shot by John Carlson.
16:21 of 3rd period - Shot Blocked by Roope Hintz.
16:26 of 3rd period - Icing by Roope Hintz.
16:27 of 3rd period - Roope Hintz wins face-off versus Nick Foligno in Tampa Bay Lightning zone.
16:58 of 3rd period - Wrist shot by Tomas Hertl.
16:58 of 3rd period - Stopped by Jake Oettinger without a rebound.
16:59 of 3rd period - Nico Hischier wins face-off versus Anze Kopitar in Washington Capitals zone.
17:04 of 3rd period - Slapshot by John Carlson.
17:04 of 3rd period - Shot Blocked by Hampus Lindholm.
17:16 of 3rd period - Hampus Lindholm is hit by Brad Marchand and loses puck.
17:23 of 3rd period - David Savard is hit by Tyler Toffoli and loses puck.
17:30 of 3rd period - Snap shot by Johnny Gaudreau.
17:30 of 3rd period - Stopped by Jake Oettinger without a rebound.
17:31 of 3rd period - Tomas Hertl wins face-off versus Alex Ovechkin in Washington Capitals zone.
17:40 of 3rd period - Snap shot by Kirill Kaprizov.
17:40 of 3rd period - Shot Misses the Net.
17:42 of 3rd period - Snap shot by Kirill Kaprizov.
17:42 of 3rd period - Stopped by Jake Oettinger with a rebound.
17:58 of 3rd period - Roope Hintz is hit by Nick Jensen and loses puck.
18:07 of 3rd period - Snap shot by Nick Foligno.
18:07 of 3rd period - Shot Misses the Net.
18:09 of 3rd period - Snap shot by Nick Foligno.
18:09 of 3rd period - Shot Misses the Net.
18:11 of 3rd period - Snap shot by Owen Tippett.
18:11 of 3rd period - Shot Blocked by Roope Hintz.
18:27 of 3rd period - Snap shot by Jordan Kyrou.
18:27 of 3rd period - Stopped by Filip Gustavsson with a rebound.
18:29 of 3rd period - Snap shot by Nico Hischier.
18:29 of 3rd period - Stopped by Filip Gustavsson without a rebound.
18:30 of 3rd period - Tomas Hertl wins face-off versus Brayden Point in Tampa Bay Lightning zone.
19:05 of 3rd period - Wrist shot by Anze Kopitar.
19:05 of 3rd period - Shot Misses the Net.
19:07 of 3rd period - Wrist shot by Tyler Toffoli.
19:07 of 3rd period - Stopped by Jake Oettinger with a rebound.
19:09 of 3rd period - Slapshot by Johnny Gaudreau.
19:09 of 3rd period - Goal by Johnny Gaudreau - Washington Capitals : 5 - Tampa Bay Lightning : 3.
19:10 of 3rd period - Nick Foligno wins face-off versus Anze Kopitar in neutral zone.
19:15 of 3rd period - Slapshot by Drake Batherson.
19:15 of 3rd period - Stopped by Filip Gustavsson with a rebound.
19:17 of 3rd period - Slapshot by Ian Cole.
19:17 of 3rd period - Stopped by Filip Gustavsson without a rebound.
19:18 of 3rd period - Anze Kopitar wins face-off versus Nick Foligno in Tampa Bay Lightning zone.
19:20 of 3rd period - Minor Penalty to Darnell Nurse for Holding Stick.
19:21 of 3rd period - Anze Kopitar wins face-off versus Brayden Point in Tampa Bay Lightning zone.
19:21 of 3rd period - Anze Kopitar is hit by Brayden Point.
Goals for this period are 1 for Washington Capitals vs 1 for Tampa Bay Lightning.
Shots for this period are 13 for Washington Capitals vs 11 for Tampa Bay Lightning.
Back to the Top